 Dungeon Crawl Stone Soup version 0.30.0-29-ga12c61a403 (webtiles) character file.

Game seed: 1119143862163671851

436 cowcol the Chopper (level 6, -1/82 HPs)
             Began as a Minotaur Fighter on June 25, 2023.
             Slain by a gnoll
             ... wielding a +0 spear
              (3 damage)
             ... on level 3 of the Dungeon.
             The game lasted 00:12:42 (4838 turns).

cowcol the Chopper (Minotaur Fighter)               Turns: 4838, Time: 00:12:43

Health: -1/82      AC: 23    Str: 22    XL:     6   Next: 68%
Magic:  5/5        EV:  2    Int:  5    God:
Gold:   136        SH:  5    Dex: 10    Spells: 5/5 levels left

rFire   . . .        a - +0 war axe
rCold   . . .        c - +1 buckler
rNeg    . . .        b - melded +0 scale mail
rPois   +            (helmet currently unavailable)
rElec   .            (cloak currently unavailable)
rCorr   .            (gloves currently unavailable)
SInv    .            (boots currently unavailable)
Will    .....        (no amulet)
Stlth   +            n - ring of poison resistance
HPRegen 0.33/turn    (no ring)
MPRegen 0.09/turn

%: no passive effects
@: tree-form, hasted, very quick
A: stationary, stasis, torment immunity, boosted hp, (horns 2), (retaliatory
headbutt)
a: no special abilities


You were on level 3 of the Dungeon.
You were a tree.
You visited 1 branch of the dungeon, and saw 4 of its levels.

You collected 136 gold pieces.

Inventory:

Hand Weapons
 a - a +0 war axe (weapon)
Missiles
 e - a throwing net (quivered)
 r - 4 poisoned darts
Armour
 b - a +0 scale mail (melded)
 c - a +1 buckler (worn)
Jewellery
 n - a ring of poison resistance (left branch)
 o - a +4 ring of protection
Scrolls
 d - a scroll of acquirement {unknown}
 h - a scroll of noise {unknown}
 i - a scroll of immolation
 j - a scroll of brand weapon
 k - a scroll of teleportation {unknown}
 m - a scroll of fear {unknown}
 p - 2 scrolls of fog {unknown}
 q - a scroll of poison {unknown}
Potions
 l - 2 potions of brilliance


   Skills:
 + Level 4.9 Fighting
 * Level 6.5 Axes
 + Level 5.7 Armour
 - Level 4.0 Shields


You had 5 spell levels left.
You didn't know any spells.
Your spell library was empty.

Dungeon Overview and Level Annotations

Branches:
Dungeon (4/15)
 Temple: D:4-7

Altars:

Shops:
D:2 *


Innate Abilities, Weirdness & Mutations

You are a tree.
Your roots penetrate the ground, keeping you stationary.
You cannot be teleported.
You are immune to unholy pain and torment.
Your maximum health is greatly increased.
Your equipment is partially melded.
((You have a pair of horns on your head.))
((You reflexively headbutt those who attack you in melee.))


Message History

You feel your attacks grow feeble.
The gnoll bouda hits you but does no damage.
The gnoll hits you but does no damage.
Unknown command.
You slash the gnoll bouda!
You kill the gnoll bouda!
The gnoll hits you but does no damage.
You cannot move.
It was a potion of haste.
You feel yourself speed up.
The orc shouts!
You hear a shout!
The gnoll hits you from afar with a +0 spear.
* * * LOW HITPOINT WARNING * * *
You cannot move.
You cannot move.
You cannot move.
You cannot move.
You cannot move.
You cannot move.
You cannot move.
You cannot move.
The gnoll hits you from afar with a +0 spear.
* * * LOW HITPOINT WARNING * * *
The gnoll hits you but does no damage.
You cannot move.
You cannot move.
You cannot move.
Your attacks no longer feel as feeble.
You cannot move.
The gnoll hits you but does no damage.
You cannot move.
You cannot move.
You cannot move.
The gnoll hits you but does no damage.
You cannot move.
You cannot move.
The orc hits you but does no damage.
You cannot move.
You cannot move.
The gnoll hits you from afar with a +0 spear.
You die...

# #'## # ################# ..#.
g...#8..8#......# . #.
...'....'..8#..##''# #.
..g'....'.g8#....... #.
...#....#..).g.g.... #.
#...g#########''# #. #..o)# #. .
#..)♣# g.#. # #....# #'##
#############''''#############...
#............................#.g.
#~~~~~~~~~~~~....~~~~≈≈~~~~≈~####
≈≈≈≈≈≈≈≈≈≈≈≈≈....≈≈≈≈≈~≈≈≈≈≈≈≈≈≈≈
~~~~~≈~~~~~~~)...~~~~~~≈~~~~~~≈≈~
.................)...............
######.########..).##########.###


You could see 2 gnolls and an orc.

Vanquished Creatures
  A howler monkey (D:3)
  An orc priest (D:3)
  2 hounds (D:3)
  A gnoll bouda (D:3)
  A sleepcap (D:3)
  2 orc wizards
  10 gnolls (D:3)
  An adder (D:2)
  A dart slug (D:1)
  14 orcs
  6 ball pythons
  4 endoplasms
  A giant cockroach (D:2)
  3 goblins
  4 hobgoblins
  19 jackals (D:3)
  2 kobolds (D:3)
  3 quokkas
  4 bats
  6 rats
86 creatures vanquished.

Vanquished Creatures (others)
  An orc wizard (D:2)
1 creature vanquished.

Grand Total: 87 creatures vanquished

Notes
Turn   | Place    | Note
-------+----------+-------------------------------------------
     0 | D:1      | cowcol the Minotaur Fighter began the quest for the Orb.
     0 | D:1      | Reached XP level 1. HP: 19/19 MP: 0/0
   241 | D:1      | Found a faded altar of an unknown god.
   255 | D:1      | Reached XP level 2. HP: 24/27 MP: 1/1
   852 | D:2      | Found Teuphaa's Assorted Antiques.
  1109 | D:2      | Reached skill level 3 in Axes
  1109 | D:2      | Reached XP level 3. HP: 33/33 MP: 2/2
  1541 | D:3      | Reached XP level 4. HP: 39/40 MP: 3/3
  1667 | D:3      | Reached skill level 4 in Axes
  1764 | D:3      | Noticed a kobold brigand
  2791 | D:3      | Reached skill level 5 in Armour
  2791 | D:3      | Reached XP level 5. HP: 36/47 MP: 4/4
  3542 | D:3      | Reached skill level 5 in Axes
  4695 | D:3      | Reached XP level 6. HP: 53/53 MP: 5/5
  4810 | D:3      | Reached skill level 6 in Axes
  4825 | D:3      | HP: 4/82 [gnoll/+0 spear (2)]
  4832 | D:3      | HP: 1/82 [gnoll/+0 spear (4)]
  4838 | D:3      | Slain by a gnoll

Illustrated notes

Levels and vault maps discovered:
D:1:      dpeg_arrival_stone_temple_mockup, layout_basic,
          chequers_ecumenical_altar_island
D:2:      layout_basic, serial_shops, shop
D:3:      lemuel_castle_with_subvaults [lemuel_castle_interior_carwin_2],
          layout_loops_corners
D:4:      layout_rooms, minmay_temple_entry_waves, serial_shops,
          nicolae_shop_peninsula, uniq_ijyb

Skill      XL: |  1  2  3  4  5  6 |
---------------+-------------------+-----
Armour         | 4 5 |  5.7
Shields        | 4 |  4.0
Fighting       | 4 |  4.9
Axes           | 3 4 5 6 |  6.5

Action                     |  1- 3 |  4- 6 || total
---------------------------+-------+-------++-------
  Melee: War axe           |    60 |   152 ||   212
         Headbutt          |    10 |    22 ||    32
    Use: Scroll            |     5 |       ||     5
         Potion            |       |     5 ||     5
 Armour: Scale mail        |    31 |    60 ||    91
         Skin              |       |    27 ||    27
  Dodge: Dodged            |    23 |    71 ||    94
  Block: Buckler           |    11 |    53 ||    64
